 Dungeon Crawl Stone Soup version 0.30-a0-779-g7971cf19c3 (webtiles) character file.

Game seed: 6818072843686549328

17 Dittersdorf the Covered (level 2, 0/19 HPs)
             Began as a Gargoyle Fighter on Feb 17, 2023.
             Slain by a goblin
             ... wielding a +0 dagger
              (1 damage)
             ... on level 1 of the Dungeon.
             The game lasted 00:00:26 (215 turns).

Dittersdorf the Covered (Gargoyle Fighter)           Turns: 215, Time: 00:00:26

Health: 0/19       AC:  9    Str: 19    XL:     2   Next: 62%
Magic:  2/2        EV:  6    Int: 14    God:
Gold:   31         SH:  4    Dex:  9    Spells: 1/1 levels left

rFire   . . .      SeeInvis .    a - +0 flail
rCold   . . .      Faith    .    c - +0 buckler
rNeg    + . .      Spirit   .    b - +0 scale mail
rPois   ∞          Reflect  .    (no helmet)
rElec   +          Harm     .    (no cloak)
rCorr   .          Rampage  .    (no gloves)
Will    .....                    (no boots) Stlth
                                 (no amulet)
HPRegen 0.23/turn                f - +6 ring of intelligence
MPRegen 0.08/turn                (no ring)

@: constricted
A: sickness immunity, AC +2, negative energy resistance 1, electricity
resistance, torment resistance 1, petrification resistance
a: no special abilities


You were on level 1 of the Dungeon.
You visited 1 branch of the dungeon, and saw 1 of its levels.

You collected 31 gold pieces.

Inventory:

Hand Weapons
 a - a +0 flail (weapon)
Armour
 b - a +0 scale mail (worn)
 c - a +0 buckler (worn)
Jewellery
 f - a +6 ring of intelligence (left hand)
Potions
 d - a potion of might
 e - 3 potions of curing {unknown}
 g - a potion of heal wounds {unknown}


   Skills:
 + Level 3.5 Fighting
 + Level 2.3 Maces & Flails
 + Level 3.5 Armour
 + Level 3.5 Shields


You had one spell level left.
You didn't know any spells.
Your spell library was empty.

Dungeon Overview and Level Annotations

Branches:
Dungeon (1/15)

Altars:


Innate Abilities, Weirdness & Mutations

You are immune to sickness and miasma.
Your stone body is resilient. (AC +2)
You are immune to poison.
You resist negative energy. (rN+)
You are resistant to electric shocks. (rElec)
You are resistant to unholy torment.
You are immune to petrification.


Message History

You are too injured to fight recklessly!
You are too injured to fight recklessly!
You are too injured to fight recklessly!
You escape the ball python's grasp.
The goblin attacks as you move away! The goblin hits you but does no damage.
The bat hits you but does no damage. The goblin attacks as you move away!
The goblin hits you but does no damage. The bat barely misses you.
The goblin attacks as you move away! The goblin hits you with a +0 club.
* * * LOW HITPOINT WARNING * * *
The bat hits you but does no damage. The bat barely misses you.
You block the bat's attack. The bat hits you but does no damage.
The ball python attacks as you move away!
The ball python bites you but does no damage.
The ball python barely misses you.
A ball python comes into view.
The ball python hisses angrily.
The goblin closely misses you. The bat hits you but does no damage.
The ball python bites you but does no damage.
The ball python grabs you. The ball python constricts you.
* * * LOW HITPOINT WARNING * * *
You barely miss the ball python. The ball python barely misses you.
You block the ball python's attack. The ball python constricts you.
The goblin completely misses you.
You hit the ball python but do no damage.
You block the ball python's attack. The ball python bites you.
* * * LOW HITPOINT WARNING * * *
The ball python constricts you. The goblin hits you but does no damage.
The ball python bites you but does no damage. x2
The ball python constricts you.
You closely miss the ball python. The ball python barely misses you.
The goblin barely misses you.
The ball python bites you but does no damage.
The ball python constricts you. The ball python barely misses you.
The goblin barely misses you.
You completely miss the ball python. The ball python barely misses you.
The ball python constricts you.
The ball python bites you but does no damage.
The goblin hits you with a +0 dagger.
You die...

(. ...
...#...##..#....# .
...##.###..####....###
...... #.......#..#
....##
#..####....####### ..#
#.# ###...>..... ###
#. ##........... #...#
##...†........
......###w............
......S@Sg............
......##gr............
..... #b.............
.... #..............
... ......$..........
.. ................. .
.#................
#.........#.....#
#......##########


You could see a dart slug, 2 goblins, a bat, 2 ball pythons and a rat.

Vanquished Creatures
  A ball python (D:1)
  2 endoplasms (D:1)
  A giant cockroach (D:1)
  2 goblins (D:1)
  4 hobgoblins (D:1)
  2 frilled lizards (D:1)
  3 rats (D:1)
15 creatures vanquished.

Notes
Turn   | Place    | Note
-------+----------+-------------------------------------------
     0 | D:1      | Dittersdorf the Gargoyle Fighter began the quest for the
                  | Orb.
     0 | D:1      | Reached XP level 1. HP: 14/14 MP: 1/1
    60 | D:1      | Reached XP level 2. HP: 17/19 MP: 2/2
   135 | D:1      | Found a faded altar of an unknown god.
   215 | D:1      | Slain by a goblin

Illustrated notes

Levels and vault maps discovered:
D:1:      minmay_arrival_four_houses, layout_rooms, basic_ecumenical_altar

Action                     || total
---------------------------++-------
  Melee: Flail             ||    53
 Armour: Scale mail        ||    48
  Dodge: Dodged            ||    38
  Block: Buckler           ||    13

Table legend: (Time is in decaauts)
 A = Elapsed time spent in this place.
 B = Non-inter-level travel time spent in this place.
 C = Inter-level travel time spent in this place.
 D = Time resting spent in this place.
 E = Time spent auto-exploring this place.
 F = Levels seen in this place.
 G = Mean time per level.
                   A        B        C        D        E       F      G
               +--------+--------+--------+--------+--------+-----+--------+
         Total |    232 |    232 |      0 |      0 |    123 |   1 |  232.0 |
       Dungeon |    232 |    232 |      0 |      0 |    123 |   1 |  232.0 |
               +--------+--------+--------+--------+--------+-----+--------+

Top non-repeatable levels by time:
     D:1: 232 daAuts
